 Dungeon Crawl Stone Soup version 0.31.0-1-g2c135a0 (webtiles) character file.

Game seed: 1432499614150599858

22793 iloveai the Severer (level 13, 0/116 HPs)
             Began as a Hill Orc Fighter on Jan 21, 2024.
             Was an Elder of Makhleb.
             Slain by a frost giant
             ... wielding a +2 battleaxe of freezing
              (8 damage)
             ... in an ice cave on Jan 23, 2024.
             The game lasted 00:34:38 (9999 turns).

iloveai the Severer (Hill Orc Fighter)              Turns: 9999, Time: 00:34:39

Health: 0/116      AC: 20    Str: 24    XL:     13   Next: 2%
Magic:  21/21      EV:  7    Int:  4    God:    Makhleb [****..]
Gold:   817        SH:  6    Dex: 10    Spells: 12/12 levels left

rFire   . . .        F - +1 war axe (freeze)
rCold   . . .        c - +0 buckler
rNeg    . . .        M - +0 plate armour
rPois   +            v - +1 helmet of the Hart {rElec rPois rCorr Int-4}
rElec   +            A - +0 cloak
rCorr   +            (no gloves)
SInv    .            x - +1 pair of boots {rampage}
Will    .....        G - amulet of regeneration Stlth
                     C - ring of poison resistance
HPRegen 1.19/turn    (no ring)
MPRegen 0.17/turn

%: rampage
@: no status effects
A: no striking features
a: Renounce Religion, Minor Destruction, Lesser Servant of Makhleb, Major
Destruction


You were in an ice cave.
You worshipped Makhleb.
Makhleb was greatly pleased with you.
You visited 3 branches of the dungeon, and saw 13 of its levels.
You also visited: Ice Cave.

You collected 817 gold pieces.

Inventory:

Hand Weapons
 d - a +2 scimitar of flaming
 F - a +1 war axe of freezing (weapon)
Missiles
 r - 6 javelins (quivered)
Armour
 c - a +0 buckler (worn)
 v - the +1 helmet of the Hart (worn) {rElec rPois rCorr Int-4}
   (You found it on level 5 of the Dungeon)

   Int-4:     It affects your intelligence (-4).
   rElec:     It insulates you from electricity.
   rPois:     It protects you from poison rCorr: It protects you from acid and
   corrosion.
 x - a +1 pair of boots of rampaging (worn)
 A - a +0 cloak (worn)
 M - a +0 plate armour (worn)
Magical Staves
 m - a staff of conjuration
Jewellery
 n - a ring of ice
 u - an amulet of magic regeneration
 C - a ring of poison resistance (left hand)
 D - a ring of fire
 G - an amulet of regeneration (around neck)
Wands
 a - a wand of flame (13)
 I - a wand of iceblast (5)
 Q - a wand of paralysis (2)
Scrolls
 e - 2 scrolls of identify
 f - 2 scrolls of enchant weapon
 j - 2 scrolls of immolation
 k - 3 scrolls of vulnerability
 p - 3 scrolls of noise
 s - a scroll of fear
 t - 3 scrolls of teleportation
 w - a scroll of fog {unknown}
 y - 3 scrolls of revelation
 z - 4 scrolls of enchant armour {unknown}
 E - a scroll of poison
 K - a scroll of amnesia {unknown}
 O - a scroll of butterflies {unknown}
 P - a scroll of torment {unknown}
Potions
 b - a potion of resistance {unknown}
 g - 2 potions of degeneration {unknown}
 h - 8 potions of curing
 l - a potion of haste
 o - a potion of brilliance {unknown}
 q - 2 potions of mutation {unknown}
 B - 2 potions of cancellation {unknown}
 H - a potion of enlightenment {unknown}
 J - a potion of invisibility {unknown}
 L - a potion of experience {unknown}
 N - a potion of lignification {unknown}


   Skills:
 + Level 11.0 Fighting
 - Level 16.6 Axes
 + Level 10.1 Armour
 - Level 0.2 Dodging
 + Level 10.1 Shields
 + Level 11.2 Invocations


You had 12 spell levels left.
You didn't know any spells.
Your spell library contained the following spells:

 Spells                   Type           Power      Damage    Failure   Level
 Apportation              Tloc           0%         N/A       100%        1
 Necrotise                Necr           0%         1d4       100%        1
 Sting                    Conj/Alch      0%         1d3       100%        1
 Summon Small Mammal      Summ           0%         N/A       100%        1
 Ensorcelled Hibernation  Hex/Ice        0%         N/A       100%        2
 Static Discharge         Conj/Air       0%         3-3/arc   100%        2
 Frozen Ramparts          Ice            0%         1d1       100%        3
 Fugue of the Fallen      Necr           0%         N/A       100%        3
 Ozocubu's Armour         Ice            0%         N/A       100%        3
 Passwall                 Erth           0%         N/A       100%        3
 Swiftness                Air            0%         N/A       100%        3
 Vampiric Draining        Necr           0%         2d6       100%        3
 Airstrike                Air            0%         2d(0-16)  100%        4
 Leda's Liquefaction      Alch/Erth      0%         N/A       100%        4
 Manifold Assault         Tloc           0%         N/A       100%        4
 Martyr's Knell           Necr/Summ      0%         N/A       100%        4
 Olgreb's Toxic Radiance  Alch           0%         N/A       100%        4
 Petrify                  Alch/Erth      0%         N/A       100%        4
 Summon Lightning Spire   Summ/Air       0%         N/A       100%        4
 Curse of Agony           Necr           0%         N/A       100%        5
 Metabolic Englaciation   Hex/Ice        0%         N/A       100%        5
 Ozocubu's Refrigeration  Ice            0%         4d7       100%        7
 Discord                  Hex            0%         N/A       100%        8


Dungeon Overview and Level Annotations

Branches:
Dungeon (11/15)            Temple (1/1) D:4             Orc (1/2) D:11
  IceCv (1/1)
   Lair: D:8-11

Altars:
Ashenzari
Cheibriados
Dithmenos
Elyvilon
Fedhas
Gozag
Hepliaklqana
Kikubaaqudgha
Makhleb
Nemelex Xobeh
Okawaru
Qazlal
Ru
Sif Muna
Trog
Uskayaw
Vehumet
Wu Jian
Xom
Yredelemnul
Zin
The Shining One

Shops:
D:9 =

Annotations:
D:4 1 runed translucent door, Caterwaul's ghost, novice TrSh


Message History

The yak bellows!
The frost giant attacks as it pursues you!
The frost giant hits you with a +2 battleaxe of freezing.
The frost giant freezes you.
The frost giant barely misses your hellwing.
Your hellwing hits the frost giant but does no damage.
Your hellwing completely misses the frost giant.
You hit the frost giant but do no damage.
You hit the frost giant but do no damage.
Your hellwing hits the frost giant. x2
The frost giant hits your hellwing with a +2 battleaxe of freezing!
The frost giant freezes your hellwing.
The frost giant hits you with a +2 battleaxe of freezing.
The frost giant freezes you.
You hit the frost giant.
The frost giant is lightly wounded.
Your hellwing hits the frost giant!
Your hellwing hits the frost giant but does no damage.
The frost giant hits you with a +2 battleaxe of freezing!!
The frost giant freezes you! The frost giant misses your hellwing.
You slash the frost giant!
The frost giant is moderately wounded.
Your hellwing hits the frost giant! Your hellwing hits the frost giant.
The wolf howls!
You slash the frost giant!
The frost giant is heavily wounded.
You barely miss the death yak.
The frost giant hits you with a +2 battleaxe of freezing!!
The frost giant freezes you!
The frost giant hits your hellwing with a +2 battleaxe of freezing!!
The frost giant freezes your hellwing.
You slash the frost giant!
The frost giant is heavily wounded.
You hit the death yak but do no damage. The death yak gores you.
* * * LOW HITPOINT WARNING * * *
Your hellwing hits the frost giant but does no damage. x2
The frost giant hits you with a +2 battleaxe of freezing!!
* * * LOW HITPOINT WARNING * * *
The frost giant freezes you!
You die... .#†..## ...### #### # # # ### .. ..### ###### .h. ....#### ###@CYY### hhC.

###....#######..4Y#.h.###
k....
####....#.....####....#..Y#
##......#### ####...#
######## #####


You could see a frost giant (ally target), a death yak, a polar bear, 2 yaks and
a friendly hellwing (summoned).

Vanquished Creatures
  Snorg (D:11)
  4 death yaks (IceCv)
  4 two-headed ogres
  Pikel (D:7)
  A cyclops (D:11)
  A manticore (D:8)
  Joseph (D:7)
  An ice statue (IceCv)
  5 rime drakes
  An efreet (D:10)
  3 polar bears (IceCv)
  3 trolls
  Grinder (D:5)
  A hornet (D:10)
  Sigmund (D:2)
  A slime creature (D:7)
  A shadow (D:10)
  3 vampires (D:10)
  27 yaks
  A steam dragon (D:9)
  Menkaure (D:5)
  An acid dragon (D:10)
  A water moccasin (D:5)
  2 sky beasts (D:6)
  3 orc warriors
  2 black bears
  An ogre (D:4)
  5 wolves (IceCv)
  7 centaurs
  A phantom (D:6)
  3 kobold brigands
  2 bullfrogs (D:6)
  2 gnoll sergeants
  3 scorpions
  10 wights
  10 killer bees
  3 howler monkeys
  2 bombardier beetles
  6 hounds
  2 jellies
  6 orc priests
  3 iron imps (D:4)
  3 sleepcaps
  7 iguanas
  8 orc wizards
  Terence (D:2)
  4 gnolls (D:9)
  12 adders
  2 shadow imps
  A white imp (D:7)
  An ufetubus (D:6)
  A dart slug (D:2)
  26 orcs
  7 endoplasms
  5 giant cockroaches
  6 hobgoblins
  15 jackals
  14 kobolds
  4 quokkas
  10 ball pythons
  5 bats
  2 frilled lizards
  7 goblins
  6 rats
285 creatures vanquished.

Vanquished Creatures (collateral kills)
  A two-headed ogre (D:11)
  A death yak (IceCv)
  Nergalle (D:11)
  Maurice (D:10)
  2 rime drakes (IceCv)
  A yak (IceCv)
7 creatures vanquished.

Grand Total: 292 creatures vanquished

Notes
Turn   | Place    | Note
-------+----------+-------------------------------------------
     0 | D:1      | iloveai the Hill Orc Fighter began the quest for the Orb.
     0 | D:1      | Reached XP level 1. HP: 19/19 MP: 1/1
    17 | D:1      | Reached skill level 3 in Axes
    20 | D:1      | Reached XP level 2. HP: 18/26 MP: 2/2
    47 | D:1      | Reached skill level 4 in Axes
   165 | D:1      | Reached XP level 3. HP: 29/31 MP: 3/3
   431 | D:1      | Reached skill level 5 in Axes
   812 | D:2      | Noticed Sigmund
   824 | D:2      | Killed Sigmund
   825 | D:2      | Reached skill level 7 in Axes
   825 | D:2      | Reached XP level 4. HP: 7/39 MP: 4/4
   825 | D:2      | Reached XP level 5. HP: 9/45 MP: 5/5
   994 | D:2      | Reached skill level 8 in Axes
   994 | D:2      | Reached XP level 6. HP: 51/51 MP: 6/6
  1133 | D:2      | Noticed Terence
  1145 | D:2      | Killed Terence
  2122 | D:4      | Reached skill level 9 in Axes
  2161 | D:4      | Reached XP level 7. HP: 24/57 MP: 7/7
  2303 | D:4      | Reached skill level 10 in Axes
  2462 | D:4      | Found a stormy altar of Qazlal.
  2464 | D:4      | Noticed Menkaure
  2650 | D:4      | Found a staircase to the Ecumenical Temple.
  2657 | Temple   | Entered the Ecumenical Temple
  2959 | D:4      | Found a burning altar of Makhleb.
  2987 | D:4      | Reached skill level 11 in Axes
  2995 | D:4      | Became a worshipper of Makhleb the Destroyer
  3297 | D:4      | Found a runed translucent door.
  3299 | D:4      | Noticed Caterwaul's ghost (novice TrSh)
  3384 | D:4      | Found a sparkling altar of Nemelex Xobeh.
  3553 | D:5      | Entered Level 5 of the Dungeon
  3559 | D:5      | Reached XP level 8. HP: 64/64 MP: 8/8
  3600 | D:5      | Noticed Grinder
  3624 | D:5      | Killed Grinder
  3625 | D:5      | Reached skill level 12 in Axes
  3758 | D:5      | Killed Menkaure
  3759 | D:5      | Reached skill level 13 in Axes
  3965 | D:5      | Identified the +1 helmet of the Hart {rElec rPois rCorr
                  | Int-4}
  4003 | D:5      | Found a white marble altar of Elyvilon.
  4441 | D:5      | Reached skill level 14 in Axes
  4756 | D:5      | Found a basalt altar of Yredelemnul.
  4882 | D:6      | Reached XP level 9. HP: 70/70 MP: 9/9
  4976 | D:6      | Found a shadowy altar of Dithmenos.
  5038 | D:6      | Found an ornate altar of the Wu Jian Council.
  5080 | D:6      | Reached skill level 15 in Axes
  5207 | D:6      | Reached * piety under Makhleb
  5222 | D:6      | Reached skill level 16 in Axes
  5689 | D:7      | Noticed Pikel
  5720 | D:7      | Killed Pikel
  5721 | D:7      | Reached XP level 10. HP: 55/80 MP: 9/11
  6103 | D:7      | Identified the +1 robe "Nolait" {*Slow +Inv Regen+ Int+4}
  6171 | D:7      | Reached skill level 5 in Fighting
  6435 | D:7      | Reached ** piety under Makhleb
  6588 | D:7      | Noticed Joseph
  6608 | D:7      | Killed Joseph
  6609 | D:7      | Reached skill level 5 in Armour
  6609 | D:7      | Reached skill level 5 in Shields
  6934 | D:8      | Reached skill level 5 in Invocations
  7147 | D:8      | Noticed a manticore
  7181 | D:8      | Killed a manticore
  7616 | D:9      | Found Savet's Jewellery Emporium.
  7963 | D:9      | Noticed a two-headed ogre
  7971 | D:9      | Killed a two-headed ogre
  7972 | D:9      | Reached XP level 11. HP: 55/92 MP: 15/15
  8027 | D:9      | Reached *** piety under Makhleb
  8357 | D:10     | Entered Level 10 of the Dungeon
  8468 | D:10     | Identified the amulet of Maipp {Reflect Harm rCorr Str+2
                  | Dex-5 SH+5}
  8485 | D:10     | Noticed a two-headed ogre
  8547 | D:10     | Killed a two-headed ogre
  8851 | D:10     | Noticed a two-headed ogre
  8862 | D:10     | Killed a two-headed ogre
  9059 | D:10     | Noticed a two-headed ogre
  9059 | D:10     | Noticed Maurice
  9069 | D:10     | Killed a two-headed ogre
  9101 | D:10     | Killed Maurice
  9102 | D:10     | Reached XP level 12. HP: 97/104 MP: 12/18
  9331 | D:11     | Noticed Nergalle
  9344 | D:11     | Killed Nergalle
  9380 | D:11     | Found a staircase to the Orcish Mines.
  9386 | D:11     | Noticed a two-headed ogre
  9394 | D:11     | Killed a two-headed ogre
  9402 | Orc:1    | Entered Level 1 of the Orcish Mines
  9417 | Orc:1    | Noticed Snorg
  9439 | D:11     | HP: 1/106 [Snorg (8)]
  9441 | D:11     | Killed Snorg
  9529 | Orc:1    | Found a frozen archway.
  9535 | IceCv    | Entered an ice cave
  9545 | IceCv    | Reached skill level 10 in Fighting
  9545 | IceCv    | Reached skill level 10 in Invocations
  9603 | IceCv    | Reached **** piety under Makhleb
  9847 | IceCv    | Noticed a death yak
  9848 | IceCv    | Noticed a death yak
  9856 | IceCv    | Noticed a death yak
  9857 | IceCv    | Noticed a death yak
  9864 | IceCv    | Noticed a death yak
  9872 | IceCv    | Killed a death yak
  9877 | IceCv    | Killed a death yak
  9882 | IceCv    | Killed a death yak
  9889 | IceCv    | Killed a death yak
  9890 | IceCv    | Reached skill level 10 in Shields
  9893 | IceCv    | Killed a death yak
  9894 | IceCv    | Reached skill level 10 in Armour
  9895 | IceCv    | Reached XP level 13. HP: 58/116 MP: 21/21
  9978 | IceCv    | Noticed a frost giant
  9999 | IceCv    | Slain by a frost giant

Illustrated notes

Levels and vault maps discovered:
D:1:      amcnicky_arrival_feature_with_door, layout_loops_ring
D:2:      layout_loops_ring, minmay_goblin_kobold_house, uniq_sigmund,
          uniq_terence
D:3:      layout_rooms
D:4:      layout_basic, demons_altar, kennysheep_mini_moat,
          grunt_qazlal_sundering, minmay_temple_entry_proselytizer,
          ebering_ghost_inner_flame, uniq_menkaure
D:5:      layout_gridville, kennysheep_ying_yang, uniq_crazy_yiuf_cottage,
          uniq_grinder
D:6:      layout_cave_pools, mainiacjoe_overflow_large_starburst,
          nzn_random_ring
D:7:      layout_loops_ring, kb_lookout_dungeons_type, columned_hall_lemuel,
          hangedman_abyss_or_decor_stabs, minmay_chambers_of_fives, uniq_joseph,
          uniq_pikel
D:8:      layout_basic, chequers_serial_rivers_micro_c,
          nicolae_concentric_dashed_squares_wild, chequers_serial_rivers_marsh,
          minmay_fountain_box, kennysheep_generic_room_6
D:9:      layout_roguey, serial_shops, nicolae_shop_waterfront
D:10:     nzn_winding_woodlands_three_and_one
          [nzn_winding_woodlands_5x15_longhouse,
          nzn_winding_woodlands_5x15_pockets, nzn_winding_woodlands_5x15_zeroes,
          nzn_winding_woodlands_center_lodge], layout_cave_pools, serial_park,
          serial_park_square2, serial_park_tiny_pond, serial_park_square3
          [serial_park_minivault_5x5_8], uniq_maurice
D:11:     layout_gridville, david_lair_shrubbed, orc_0_dummy,
          gammafunk_ghost_abyssal_escape, uniq_nergalle
Temple:   bh_familiar_temple
Orc:1:    layout_caves, portal_ice_cave_rime, uniq_snorg
IceCv:    ice_cave_small_giant

Skill      XL: |  1  2  3  4  5  6  7  8  9 10 11 12 |
---------------+-------------------------------------+-----
Axes           | 3 4 7 8 9 11 14 16 | 16.6
Fighting       | 4 7 9 11 | 11.0
Armour         | 4 6 8 10 | 10.1
Shields        | 4 6 8 10 | 10.1
Invocations    | 2 6 9 11 | 11.2
Dodging        | |  0.2

Action                     |  1- 3 |  4- 6 |  7- 9 | 10-12 | 13-15 || total
---------------------------+-------+-------+-------+-------+-------++-------
  Melee: War axe           |   105 |   101 |   310 |   697 |    13 ||  1226
 Invoke: Minor Destruction |       |       |       |    26 |       ||    26
         Lesser Servant of |       |       |       |     4 |     1 ||     5
    Use: Scroll            |       |       |       |    12 |       ||    12
         Potion            |       |       |       |     6 |       ||     6
 Armour: Scale mail        |    82 |    46 |   189 |     9 |       ||   326
         Chain mail        |       |       |       |   131 |       ||   131
         Plate armour      |       |       |       |   357 |    11 ||   368
  Dodge: Dodged            |    57 |    34 |    78 |   170 |     2 ||   341
  Block: Buckler           |    33 |    17 |    56 |   121 |     3 ||   230
